cohdb
Replays
Latest Replays
All Replays
Popular Replays
Top Player Replays
Match Explorer
How It Works
Community
CoH3 Stats
Reddit
Sign in to upload your games and track your stats! →
Sign in with Steam
Match 41683256
Unlisted
Match 41683256
Overview
Messages
Build Orders
End
Construct Barracks
Riflemen Squad
Riflemen Squad
Grenade Package
Construct Weapon Support Center
Bazooka Squad
Bazooka Squad
Construct Medical Station
Mechanized Support Center
Improved M9 Bazooka Rockets
M3 Armored Personnel Carrier
Selects Heavy Weapons
Selects Assault Carriers
Selects Exchangeable Parts
M1918 Browning Automatic Rifles
Riflemen Squad
Construct Motor Pool
M8 Greyhound Armored Car
Engineer Squad
Construct Tank Depot
Riflemen Squad
TheCreepy
S.S.Vodka
Definitely Not Juzo
Imperiale
SchnellSchuh5000
PIGEONS ARE FBI DRONES
0
0
Comments
sign in to comment!
No comments posted yet!